 Dungeon Crawl Stone Soup version 0.24-a0-48-g0ecae65 (webtiles) character file.

Game seed: 795631390967466628

102 DarkinPup the Slasher (level 4, 0/35 HPs)
             Began as a Demonspawn Gladiator on Feb 3, 2019.
             Slain by Crazy Yiuf
             ... wielding a +2 quarterstaff of chaos
              (1 damage)
             ... on level 2 of the Dungeon.
             The game lasted 00:01:43 (1216 turns).

DarkinPup the Slasher (Demonspawn Gladiator)        Turns: 1216, Time: 00:01:45

Health: 0/35       AC:  4    Str: 14    XL:     4   Next: 50%
Magic:  0/4        EV: 16    Int: 10    God:
Gold:   82         SH:  4    Dex: 15    Spells: 3/3 levels left

rFire    . . .     SeeInvis .   a - +0 long sword
rCold    . . .     Gourm    .   q - +0 buckler
rNeg     . . .     Faith    .   b - +0 leather armour
rPois    .         Spirit   +   c - +0 helmet
rElec    .         Reflect  .   (no cloak)
rCorr    .         Harm     .   (no gloves)
MR       +....                  (no boots)
Stlth    +.........             (no amulet)
HPRegen  0.11/turn              h - ring of protection from magic
MPRegen  0.09/turn              p - +4 ring of evasion

@: lethally poisoned (0 -> -5)
A: spiny 1, magic shield
a: no special abilities


You were on level 2 of the Dungeon.
You were not hungry.

You visited 1 branch of the dungeon, and saw 2 of its levels.

You collected 82 gold pieces.

Inventory:

Hand Weapons
 a - a +0 long sword (weapon)
Missiles
 d - 3 throwing nets (quivered)
Armour
 b - a +0 leather armour (worn)
 c - a +0 helmet (worn)
 q - a +0 buckler (worn)
Jewellery
 h - a ring of protection from magic (left hand)
 j - an uncursed ring of ice
 m - an uncursed ring of protection from fire
 o - an uncursed ring of resist corrosion
 p - a +4 ring of evasion (right hand)
Scrolls
 g - a scroll of amnesia {unknown}
 k - a scroll of identify {unknown}
 r - a scroll of fog {unknown}
Potions
 e - a potion of agility {unknown}
 i - a potion of heal wounds {unknown}
 l - a potion of might {unknown}
 n - a potion of ambrosia {unknown}
 s - a potion of curing {unknown}
Comestibles
 f - 5 rations


   Skills:
 * Level 3.1 Fighting
 * Level 3.5 Long Blades
 - Level 1.7 Throwing
 * Level 3.4 Dodging
 + Level 0.6 Shields


You had 3 spell levels left.
You didn't know any spells.
Your spell library was empty.

Dungeon Overview and Level Annotations

Branches:
Dungeon (2/15)

Altars:

Annotations:
D:2 Crazy Yiuf


Innate Abilities, Weirdness & Mutations

You are partially covered in sharp spines.
When hurt, damage is shared between your health and your magic reserves.


Message History

You feel your power leaking away.
You hit Crazy Yiuf but do no damage.
Crazy Yiuf is moderately wounded.
You feel sick. Crazy Yiuf completely misses you.
You riposte.
You hit Crazy Yiuf but do no damage.
Crazy Yiuf is moderately wounded.
You closely miss Crazy Yiuf.
Crazy Yiuf is moderately wounded.
You feel sick. Crazy Yiuf barely misses you.
You barely miss Crazy Yiuf.
Crazy Yiuf is moderately wounded.
You feel sick. Crazy Yiuf is struck by your spines.
Crazy Yiuf barely misses you.
You closely miss Crazy Yiuf.
Crazy Yiuf is heavily wounded.
You feel sick.
Crazy Yiuf hits you with a +2 quarterstaff of chaos.
* * * LOW HITPOINT WARNING * * *
Crazy Yiuf burns you.
You die...

#####..##..............####
....##.##.#.####.###.#....##
###.##.##.#......# #.#.##÷.#
#..#.##.######## #######.#
##.#.##.# #.# #...##.#
♣♣♣♣♣##.## ##..##.# ####
♣♣♣.♣......# #..####
#...#♣..♣.P.....# ######..#
#..g@.♣♣♣♣PP....# .....#..##
#)..#♣♣ ♣♣P...## .....##..#
#### ♣♣#### .....##..##
.....###..# .....# #..## ###
.....# ##..# #.# <....# #..#
#.# .....# ##.#########.#


You could see Crazy Yiuf.

Vanquished Creatures
  Natasha (twice) (D:2)
  2 adders (D:2)
  2 dart slugs
  6 bats
  A giant cockroach (D:2)
  4 goblins
  2 hobgoblins
  6 jackals
  A ball python (D:2)
  A frilled lizard (D:1)
  3 kobolds
  A rat (D:2)
31 creatures vanquished.

Notes
Turn   | Place    | Note
-------+----------+-------------------------------------------
     0 | D:1      | DarkinPup the Demonspawn Gladiator began the quest for the
                  | Orb.
     0 | D:1      | Reached XP level 1. HP: 16/16 MP: 1/1
   205 | D:1      | Gained mutation: When hurt, damage is shared between your
                  | health and your magic reserves. [demonic ancestry]
   205 | D:1      | Reached XP level 2. HP: 21/22 MP: 2/2
   700 | D:2      | Reached XP level 3. HP: 22/28 MP: 3/3
   982 | D:2      | Found a runed translucent door.
   983 | D:2      | Noticed Crazy Yiuf
  1061 | D:2      | Noticed Natasha
  1073 | D:2      | Killed Natasha
  1073 | D:2      | Gained mutation: You are partially covered in sharp spines.
                  | [demonic ancestry]
  1073 | D:2      | Reached XP level 4. HP: 23/34 MP: 2/4
  1151 | D:2      | Noticed Natasha
  1159 | D:2      | Killed Natasha
  1216 | D:2      | HP: 1/35 [Crazy Yiuf/+2 quarterstaff of chaos (6)]
  1216 | D:2      | Slain by Crazy Yiuf

Vault maps used:
D:1:      dpeg_arrival_windows_large_door
D:2:      uniq_crazy_yiuf_cottage, uniq_natasha

Skill      XL: |  1  2  3  4 |
---------------+-------------+-----
Long Blades    | 3 |  3.5
Dodging        | 3 |  3.4
Fighting       | 3 |  3.1
Throwing       | |  1.7
Shields        | |  0.6

Action                   |  1- 3 |  4- 6 || total
-------------------------+-------+-------++-------
Melee: Long sword        |    94 |    13 ||   107
  Eat: Chunk             |       |     1 ||     1
Armor: Leather armour    |    30 |     2 ||    32
Dodge: Dodged            |    83 |    10 ||    93
Block: Buckler           |     7 |     1 ||     8
       Rpst.: Long sword |    30 |     7 ||    37

Table legend:
 A = Non-vault XP
 B = Vault XP
 C = Vault XP percentage of total XP
 D = Non-vault monster count
 E = Vault monster count
 F = Vault count percentage of total count
                 A         B        C        D         E       F
            +---------+---------+-------+---------+---------+-------
      Total |     112 |      35 |  23.8 |      30 |       1 |   3.2
            +---------+---------+-------+---------+---------+-------
        D:1 |      20 |       0 |   0.0 |      11 |       0 |   0.0
        D:2 |      92 |      35 |  27.6 |      19 |       1 |   5.0
            +---------+---------+-------+---------+---------+-------
